 Seeded DCSS version 0.29.1-15-g9cfb28693d (webtiles) character file.

Game seed: 6545364 (custom seed)

27 Fluidstar381 the Grasshopper (level 2, 0/28 HPs)
             Began as a Troll Warper on Feb 28, 2023.
             Succumbed to an orc wizard's poison
             ... on level 4 of the Dungeon.
             The game lasted 00:03:59 (602 turns).

Fluidstar381 the Grasshopper (Troll Warper)          Turns: 602, Time: 00:04:00

Health: 0/28       AC:  4    Str: 18    XL:     2   Next: 93%
Magic:  3/3        EV: 10    Int:  9    God:
Gold:   67         SH:  0    Dex:  9    Spells: 3/3 levels left

rFire   . . .      SeeInvis .     - Unarmed
rCold   . . .      Faith    .   (no shield)
rNeg    . . .      Spirit   .   a - +0 robe
rPois   .          Reflect  .   (helmet restricted)
rElec   .          Harm     .   (no cloak)
rCorr   .          Rampage  .   (gloves unavailable)
Will    .....                   (boots unavailable)
Stlth   +.........              (no amulet)
HPRegen 0.89/turn               (no ring)
MPRegen 0.08/turn               (no ring)

@: brilliant, lethally poisoned (0 -> -11)
A: large, unfitting armour, claws 3, regeneration 1, shaggy fur 1, tough skin 1
a: no special abilities


You were on level 4 of the Dungeon.
You visited 1 branch of the dungeon, and saw 4 of its levels.

You collected 67 gold pieces.

Inventory:

Hand Weapons
 g - a +0 dagger
 h - a +0 short sword
 r - a +0 dagger
Missiles
 c - 7 boomerangs of dispersal (quivered)
 m - 13 stones
Armour
 a - a +0 robe (worn)
 e - a +0 robe
 s - a +0 robe
Scrolls
 b - a scroll of blinking
 f - a scroll of fear {unknown}
 j - 2 scrolls of enchant weapon {unknown}
 l - a scroll of poison {unknown}
 p - 2 scrolls of identify {unknown}
Potions
 d - 2 potions of lignification {unknown}
 i - 2 potions of curing {unknown}
 k - a potion of magic {unknown}
 n - a potion of attraction {unknown}
 o - a potion of haste {unknown}
 q - 2 potions of heal wounds {unknown}


   Skills:
 + Level 1.7 Fighting
 + Level 0.8 Throwing
 + Level 2.3 Dodging
 + Level 2.4 Unarmed Combat
 + Level 1.3 Spellcasting
 + Level 2.4 Translocations


You had 3 spell levels left.
You didn't know any spells.
Your spell library contained the following spells:

 Spells                   Type           Power      Damage    Failure   Level
 Blink                    Tloc           14%        N/A       21%         2
 Gell's Gravitas          Tloc           7%         N/A       36%         3
 Lesser Beckoning         Tloc           7%         N/A       36%         3
 Teleport Other           Tloc           7%         N/A       36%         3
 Manifold Assault         Tloc           7%         N/A       98%         5


Dungeon Overview and Level Annotations

Branches:
Dungeon (4/15)
 Temple: D:4-7

Altars:


Innate Abilities, Weirdness & Mutations

You are too large for most types of armour.
You have claws for hands.
Your natural rate of healing is unusually fast.
You are covered in fur. (AC +1)
You have tough skin. (AC +1)


Message History

There is an escape hatch in the floor here.
You slide downwards.
The hatch slams shut behind you.
The orc shouts!
The orc wizard shouts!
Found 8 gold pieces.
The orc wizard casts a spell at you. The puff of flame hits you!
The orc wizard gestures wildly while chanting.
The orc wizard flickers and vanishes!
Deactivating autopickup; reactivate with Ctrl-A.
You claw the orc wizard!
The orc wizard is almost dead.
The adder bites you but does no damage. x2
An endoplasm comes into view.
The orc hits you with a +0 flail.
You claw the orc!
You kill the orc!
The adder barely misses you. The hound bites you.
Something hits you but does no damage. The orc hits you with a +0 flail.
You scratch the orc wizard.
The orc wizard is almost dead.
The hound closely misses you. The adder bites you. The hound barely misses you.
The orc hits you with a +0 flail!
* * * LOW HITPOINT WARNING * * *
You hear some strange, mumbled words.
Something tries to affect you, but you resist.
The orc wizard casts a spell at you. You resist with significant effort.
The orc attacks as you move away! The orc barely misses you.
The adder closely misses you. The adder bites you but does no damage.
Something hits you but does no damage.
You are poisoned.
It was a potion of brilliance.
You feel clever all of a sudden.
You feel sick. The hound misses you. The adder closely misses you.
The hound bites you.
* * * LOW HITPOINT WARNING * * *
Something hits you.
* * * LOW HITPOINT WARNING * * *
You are lethally poisoned!
You die...

#.# ..# .. #.#
#.###.########
#............#
##............
#....K........
#....S..J.....
#$...ho.......
#..@o.........
#.............
##............
##..........#
############


You could see a hound, an orc wizard, an adder, an orc, an endoplasm and a
kobold.

Vanquished Creatures
  An orc (D:4)
  An endoplasm (D:1)
  A giant cockroach (D:1)
  3 goblins
  A hobgoblin (D:1)
  7 jackals
  A kobold (D:1)
  3 bats (D:1)
  A frilled lizard (D:1)
  3 rats
22 creatures vanquished.

Notes
Turn   | Place    | Note
-------+----------+-------------------------------------------
     0 | D:1      | Fluidstar381 the Troll Warper began the quest for the Orb.
     0 | D:1      | Reached XP level 1. HP: 19/19 MP: 1/1
   140 | D:1      | Reached XP level 2. HP: 28/28 MP: 2/2
   298 | D:1      | Found a faded altar of an unknown god.
   602 | D:4      | Succumbed to an orc wizard's poison

Illustrated notes

Levels and vault maps discovered:
D:1:      sevenhm_arrival_forest_fort_small_1, layout_loops_ring,
          ebering_ecumenical_altar_mist, chequers_serial_rivers_large_b,
          minmay_close_crescents
D:2:      layout_loops_ring, chequers_mini_garden, kennysheep_generic_room_11
D:3:      layout_loops_cross, overflow_temple_1_default, serial_shops,
          nicolae_lakefront_shop, uniq_natasha, uniq_grinder, uniq_jessica
D:4:      layout_rooms, ebering_ghost_disaster_area, minmay_crystal_room,
          uniq_blork_the_orc

Skill      XL: |  1 |
---------------+----+-----
Dodging        | 2 |  2.3
Fighting       | |  1.7
Throwing       | |  0.8
Unarmed Combat | |  2.4
Spellcasting   | |  1.3
Translocations | |  2.4

Action                   || total
-------------------------++-------
Melee: Unarmed           ||    72
       Punch             ||     1
  Use: Potion            ||     1
Armor: Robe              ||    50
Dodge: Dodged            ||   103
